 Dungeon Crawl Stone Soup version 0.31-a0-232-gb1c03b2570 (webtiles) character file.

Game seed: 1569712917521440738

39 qw the Shooter (level 3, -1/21 HPs)
             Began as a Gargoyle Hexslinger on July 7, 2023.
             Slain by Grinder (12 damage)
             ... on level 3 of the Dungeon.
             The game lasted 00:00:30 (1732 turns).

qw the Shooter (Gargoyle Hexslinger)                Turns: 1732, Time: 00:00:31

Health: -1/21      AC:  9    Str: 11    XL:     3   Next: 45%
Magic:  4/4        EV: 10    Int: 13    God:
Gold:   68         SH:  0    Dex: 14    Spells: 3/4 levels left

rFire   . . .        Y - +1 sling
rCold   . . .        (no shield)
rNeg    + + .        p - +0 ring mail
rPois   inf          (no helmet)
rElec   +            e - +0 cloak
rCorr   .            (no gloves)
SInv    .            (no boots)
Will    .....        (no amulet)
Stlth   +            d - ring of positive energy
HPRegen 0.23/turn    (no ring)
MPRegen 0.09/turn

%: no passive effects
@: no status effects
A: sickness immunity, AC +3, negative energy resistance 1, electricity
resistance, torment resistance 1, petrification resistance
a: no special abilities


You were on level 3 of the Dungeon.
You visited 1 branch of the dungeon, and saw 3 of its levels.

You collected 134 gold pieces.
You spent 66 gold pieces at shops.


Innate Abilities, Weirdness & Mutations

You are immune to sickness and miasma.
Your stone body is resilient. (AC +3)
You are immune to poison.
You resist negative energy. (rN+)
You are resistant to electric shocks. (rElec)
You are resistant to unholy torment.
You are immune to petrification.


   Skills:
 - Level 2.0 Fighting
 - Level 3.3 Ranged Weapons
 + Level 0.1 Armour
 - Level 1.5 Dodging
 - Level 1.0 Spellcasting
 - Level 2.6 Hexes


You had 3 spell levels left.
You knew the following spells:

 Your Spells              Type           Power      Damage    Failure   Level
a - Slow                  Hex            28%        N/A       22%         1

Your spell library contained the following spells:

 Spells                   Type           Power      Damage    Failure   Level
 Inner Flame              Hex/Fire       4%         N/A       75%         3
 Portal Projectile        Hex/Tloc       8%         N/A       75%         3
 Cause Fear               Hex            3%         N/A       92%         4

Inventory:

Hand Weapons
 Y - a +1 sling (weapon)
Armour
 e - a +0 cloak (worn)
 p - a +0 ring mail (worn)
Jewellery
 d - a ring of positive energy (left hand)
Scrolls
 a - a scroll of identify
Potions
 b - a potion of degeneration {unknown}
 f - a potion of resistance {unknown}
 g - a potion of might
 j - a potion of curing {unknown}
 k - a potion of attraction {unknown}
 l - a potion of magic {unknown}
 m - a potion of brilliance {unknown}

Dungeon Overview and Level Annotations

Branches:
Dungeon (3/15)

Altars:

Shops:
D:2 *

Annotations:
D:3 Grinder


Message History

Found a chain mail.
Grinder comes into view.
She is carrying a wand of flame (8).
Grinder shouts!
You shoot a sling bullet.
The sling bullet hits Grinder but does no damage.
Grinder says, "Mostly I couldn't keep them alive."
Grinder blinks!
Grinder is nearby!
You shoot a sling bullet. The sling bullet hits Grinder.
Grinder is lightly wounded.
You shoot a sling bullet.
The sling bullet hits Grinder but does no damage.
Grinder is lightly wounded.
You hear the slow rusting of a very distant drain.
You shoot a sling bullet.
The sling bullet closely misses Grinder.
You shoot a sling bullet.
The sling bullet closely misses Grinder.
You shoot a sling bullet.
The sling bullet closely misses Grinder.
Grinder drinks a potion.
Grinder seems to grow stronger.
You shoot a sling bullet.
The sling bullet hits Grinder but does no damage.
Grinder is lightly wounded.
Grinder gestures at you. Pain shoots through your body!
Grinder gestures at you. You resist with significant effort.
You shoot a sling bullet. The sling bullet barely misses Grinder.
You shoot a sling bullet. The sling bullet hits Grinder.
Grinder is moderately wounded.
Grinder hits you.
You writhe in agony.
Grinder hits you.
You writhe in agony.
You shoot a sling bullet. The sling bullet hits Grinder.
Grinder is moderately wounded.
Grinder hits you.
You shoot a sling bullet.
The sling bullet closely misses Grinder.
Grinder hits you!
Ouch! That really hurt!
You die...

#.# #.# #.# #.#
#...# #.# #...#
#.# #..[# #5#
#.... #@# #.#.#
#.# #.#.# #.#
#.#.# #.# #.#.####
#.#########.......
#...............##
###############.#
#.## #...


You could see Grinder (strong).

Vanquished Creatures
  A worm (D:2)
  A dart slug (D:2)
  3 endoplasms
  3 giant cockroaches
  3 goblins
  2 hobgoblins (D:2)
  3 jackals (D:2)
  A kobold (D:1)
  4 quokkas
  A ball python (D:1)
  2 bats (D:2)
  A frilled lizard (D:1)
  4 rats
29 creatures vanquished.

Notes
Turn   | Place    | Note
-------+----------+-------------------------------------------
     0 | D:1      | qw the Gargoyle Hexslinger began the quest for the Orb.
     0 | D:1      | Reached XP level 1. HP: 12/12 MP: 2/2
     0 | D:1      | 0 ||| qw: Version: 0.3-a-46-gb1f654a
     0 | D:1      | 0 ||| qw: Game counter: 2858
     0 | D:1      | 0 ||| qw: Melee chars always use a shield: true
     0 | D:1      | 0 ||| qw: God list: Okawaru
     0 | D:1      | 0 ||| qw: Allow faded altars: false
     0 | D:1      | 0 ||| qw: Do Orc after clearing Dungeon:15 true
     0 | D:1      | 0 ||| qw: Do second Lair branch before Depths: true
     0 | D:1      | 0 ||| qw: Lair rune preference: random
     0 | D:1      | 0 ||| qw: Goals: Normal
     0 | D:1      | 0 ||| PLANNING D:1-11
   503 | D:1      | Found a faded altar of an unknown god.
   596 | D:1      | Reached XP level 2. HP: 16/16 MP: 3/3
   757 | D:1      | 757 ||| DROPPING scarf of invisibility.
   758 | D:1      | 758 ||| UPGRADING to ring of positive energy.
   759 | D:1      | 759 ||| READING scroll labelled QUTHAO WYVI.
   760 | D:1      | 760 ||| READING scroll labelled OCWOEVV IMIT.
   761 | D:1      | 761 ||| READING scroll labelled MUPLY XANNENG.
   762 | D:1      | 762 ||| DROPPING scroll of poison.
   795 | D:2      | Reached skill level 3 in Ranged Weapons
   870 | D:2      | Reached XP level 3. HP: 21/21 MP: 4/4
  1047 | D:2      | Found Ucvowkati's General Store.
  1396 | D:2      | 1396 ||| BUYING +0 leather armour (22 gold).
  1396 | D:2      | Bought a +0 leather armour for 22 gold pieces
  1396 | D:2      | 1396 ||| BUYING +0 ring mail (44 gold).
  1396 | D:2      | Bought a +0 ring mail for 44 gold pieces
  1396 | D:2      | 1396 ||| SHOPLISTING +2 hat (176 gold, have 56).
  1396 | D:2      | 1396 ||| SHOPLISTING 2 potions of mutation (176 gold, have
                  | 56).
  1584 | D:2      | 1584 ||| UPGRADING to +0 cloak.
  1589 | D:2      | 1589 ||| UPGRADING to +0 leather armour.
  1599 | D:2      | 1599 ||| DROPPING +0 robe.
  1600 | D:2      | 1600 ||| UPGRADING to +0 ring mail.
  1610 | D:2      | 1610 ||| DROPPING +0 leather armour.
  1611 | D:2      | 1611 ||| READING scroll labelled BOUD SUAKUWNO.
  1614 | D:2      | 1614 ||| READING 2 scrolls labelled ZEUTUY FEUSM.
  1615 | D:2      | 1615 ||| READING scroll labelled XOMOSK JATZY.
  1616 | D:2      | 1616 ||| DROPPING scroll of blinking.
  1627 | D:3      | 1627 ||| PLANNING SEWER
  1719 | D:3      | Noticed Grinder
  1732 | D:3      | Slain by Grinder

Levels and vault maps discovered:
D:1:      sevenhm_arrival_forest_fort_small_3, layout_basic,
          chequers_ecumenical_altar_simple_redux, chequers_serial_rivers_micro_e
D:2:      layout_basic, serial_shops, nicolae_shop_tiny_waterfront
D:3:      minmay_inner_zag, layout_loops_ring, fedhas_altar_4,
          gup_sewer_entry_bubbles, uniq_grinder, uniq_crazy_yiuf_cottage

Skill      XL: |  1  2  3 |
---------------+----------+-----
Ranged Weapons | 3 |  3.3
Fighting       | 2 |  2.0
Armour         | |  0.1
Dodging        | |  1.5
Spellcasting   | |  1.0
Hexes          | |  2.6

Action                     || total
---------------------------++-------
   Fire: Sling             ||    92
    Use: Scroll            ||     6
 Armour: Robe              ||     3
  Dodge: Dodged            ||    14

Table legend:
 A = Non-vault XP
 B = Vault XP
 C = Vault XP percentage of total XP
 D = Non-vault monster count
 E = Vault monster count
 F = Vault count percentage of total count
                 A         B        C        D         E       F
            +---------+---------+-------+---------+---------+-------
      Total |      56 |       0 |   0.0 |      29 |       0 |   0.0
            +---------+---------+-------+---------+---------+-------
        D:1 |      15 |       0 |   0.0 |      10 |       0 |   0.0
        D:2 |      39 |       0 |   0.0 |      18 |       0 |   0.0
        D:3 |       2 |       0 |   0.0 |       1 |       0 |   0.0
            +---------+---------+-------+---------+---------+-------
